 Dungeon Crawl Stone Soup version 0.23.2-44-ge536e68a2c (webtiles) character file.

Game seed: 11683001709164047304

96 MordorOrchid the Magician (level 4, -1/38 HPs)
             Began as a Gnoll Wanderer on Mar 20, 2020.
             Slain by a hobgoblin
             ... wielding a +0 club
              (5 damage)
             ... on level 2 of the Dungeon.
             The game lasted 00:06:22 (797 turns).

MordorOrchid the Magician (Gnoll Wanderer)           Turns: 797, Time: 00:06:23

Health: -1/38      AC:  2    Str: 14    XL:     4   Next: 67%
Magic:  13/13      EV:  9    Int: 14    God:
Gold:   26         SH:  9    Dex: 16    Spells: 14/17 levels left

rFire    . . .     SeeInvis .   a - +0 spear
rCold    . . .     Gourm    .   l - +0 shield
rNeg     . . .     Faith    .   d - +0 robe
rPois    .         Spirit   .   (no helmet)
rElec    .         Reflect  .   (no cloak)
rCorr    .         Harm     .   (no gloves)
MR       .....                  (no boots)
Stlth    ++........             (no amulet)
HPRegen  0.12/turn              (no ring)
MPRegen  0.13/turn              (no ring)

@: no status effects
A: distributed training, fangs 1, strong nose
a: no special abilities


You were on level 2 of the Dungeon.
You were not hungry.

You visited 1 branch of the dungeon, and saw 2 of its levels.

You collected 26 gold pieces.

Inventory:

Hand Weapons
 a - a +0 spear (weapon)
 j - a +0 hunting sling
 y - a +0 short sword
Missiles
 e - 37 stones (quivered)
 g - 50 bolts
Armour
 d - a +0 robe (worn)
 l - a +0 shield (worn)
Scrolls
 b - a scroll of enchant armour {unknown}
 h - a scroll of identify {unknown}
 m - a scroll of teleportation {unknown}
 n - a scroll of enchant weapon {unknown}
Potions
 c - 2 potions of lignification
 k - a potion of might
Comestibles
 f - a ration
 i - 7 chunks of flesh


   Skills:
 + Level 4.6 Fighting
 + Level 1.2 Short Blades
 + Level 1.2 Long Blades
 + Level 1.2 Axes
 + Level 1.2 Maces & Flails
 + Level 1.2 Polearms
 + Level 1.2 Staves
 + Level 1.2 Slings
 + Level 1.2 Bows
 + Level 1.2 Crossbows
 + Level 2.8 Throwing
 + Level 2.8 Armour
 + Level 1.2 Dodging
 + Level 1.2 Stealth
 + Level 2.8 Shields
 + Level 1.2 Unarmed Combat
 + Level 7.2 Spellcasting
 + Level 1.0 Conjurations
 + Level 1.0 Hexes
 + Level 1.0 Charms
 + Level 1.0 Summonings
 + Level 1.0 Necromancy
 + Level 1.0 Translocations
 + Level 3.8 Transmutations
 + Level 1.0 Fire Magic
 + Level 1.0 Ice Magic
 + Level 1.0 Air Magic
 + Level 1.0 Earth Magic
 + Level 1.0 Poison Magic
 + Level 1.3 Invocations
 + Level 1.2 Evocations


You had 14 spell levels left.
You knew the following spells:

 Your Spells              Type           Power        Failure   Level  Hunger
a - Magic Dart            Conj           #...         41%         1    None
b - Blink                 Tloc           N/A          56%         2    None

Your spell library contained the following spells:

 Spells                   Type           Power        Failure   Level  Hunger
 Call Imp                 Summ           #.......     56%         2    None
 Slow                     Hex            #.......     56%         2    None
 Conjure Flame            Conj/Fire      #.......     80%         3    ##.....
 Mephitic Cloud           Conj/Pois/Air  #.......     80%         3    ##.....


Dungeon Overview and Level Annotations

Branches:
Dungeon (2/15)

Altars:


Innate Abilities, Weirdness & Mutations

Your experience applies equally to all skills.
You have very sharp teeth.
Your uncanny sense of smell can sniff out nearby items.


Message History

Press: ? - help, Dir - move target cursor, f - hobgoblin
Aim: a hobgoblin, wielding a +0 club (severely wounded)
You reach to attack!
You hit the hobgoblin but do no damage.
The hobgoblin is severely wounded.
The hobgoblin hits you with a +0 club.
* * * LOW HITPOINT WARNING * * *
You see here a ball python skeleton.
Attack whom?
Press: ? - help, Dir - move target cursor, f/p - hobgoblin
Aim: a hobgoblin, wielding a +0 club (severely wounded)
You reach to attack!
You closely miss the hobgoblin.
The hobgoblin is severely wounded.
You barely miss the hobgoblin.
The hobgoblin is heavily wounded.
The hobgoblin hits you with a +0 club.
* * * LOW HITPOINT WARNING * * *
Your shield prevents you from hitting the hobgoblin.
The hobgoblin is heavily wounded.
The hobgoblin hits you with a +0 club.
You die...

#.######### #.........#
############## #.#######.#
#............. #.# #.#
#.############ #.# #.# #.#
######### ########.##### #.# #.#
#<÷...... ........÷....# #.# #.#
########. ########.###.# #g# #.#
#. #..........#.# #@# #.#### #.
#.###..#.#.#.# #.# #....# #. #.
#..#(#.#.# #.# #....# #.
#.###..#.#.#.# #.# #....########.
...#..#...#.# #.# #.............
###.#....###)# #.################
..).........)###.................
##..#.#.......#....##############
........###...#....###########


You could see a hobgoblin.

Vanquished Creatures
  2 orc wizards (D:2)
  2 leopard geckos
  An orc (D:2)
  11 goblins
  6 hobgoblins
  4 kobolds
  A ball python (D:2)
  2 bats
  3 frilled lizards
  2 rats (D:1)
34 creatures vanquished.

Notes
Turn   | Place    | Note
-------+----------+-------------------------------------------
     0 | D:1      | MordorOrchid the Gnoll Wanderer began the quest for the
                  | Orb.
     0 | D:1      | MordorOrchid set off with the following items: a +0 spear,
                  | a potion of lignification, a +0 robe, a ration; and the
                  | following spell memorised: Magic Dart; and the following
                  | spells available to memorise: Blink, Call Imp, Slow,
                  | Conjure Flame, Mephitic Cloud
     0 | D:1      | Reached XP level 1. HP: 20/20 MP: 8/8
   137 | D:1      | Reached XP level 2. HP: 19/26 MP: 10/10
   359 | D:1      | Learned a level 2 spell: Blink
   570 | D:2      | Reached skill level 1 in Invocations
   570 | D:2      | Reached XP level 3. HP: 18/31 MP: 11/11
   578 | D:2      | Reached skill level 1 in Short Blades
   578 | D:2      | Reached skill level 1 in Long Blades
   578 | D:2      | Reached skill level 1 in Axes
   578 | D:2      | Reached skill level 1 in Maces & Flails
   578 | D:2      | Reached skill level 1 in Polearms
   578 | D:2      | Reached skill level 1 in Staves
   578 | D:2      | Reached skill level 1 in Slings
   578 | D:2      | Reached skill level 1 in Bows
   578 | D:2      | Reached skill level 1 in Crossbows
   578 | D:2      | Reached skill level 1 in Dodging
   578 | D:2      | Reached skill level 1 in Stealth
   578 | D:2      | Reached skill level 1 in Unarmed Combat
   578 | D:2      | Reached skill level 1 in Evocations
   578 | D:2      | Reached XP level 4. HP: 10/38 MP: 13/13
   733 | D:2      | Reached skill level 1 in Conjurations
   733 | D:2      | Reached skill level 1 in Hexes
   733 | D:2      | Reached skill level 1 in Charms
   733 | D:2      | Reached skill level 1 in Summonings
   733 | D:2      | Reached skill level 1 in Necromancy
   733 | D:2      | Reached skill level 1 in Translocations
   733 | D:2      | Reached skill level 1 in Fire Magic
   733 | D:2      | Reached skill level 1 in Ice Magic
   733 | D:2      | Reached skill level 1 in Air Magic
   733 | D:2      | Reached skill level 1 in Earth Magic
   733 | D:2      | Reached skill level 1 in Poison Magic
   797 | D:2      | Slain by a hobgoblin

Skill      XL: |  1  2  3  4 |
---------------+-------------+-----
Invocations    | 1 |  1.3
Short Blades   | 1 |  1.2
Long Blades    | 1 |  1.2
Axes           | 1 |  1.2
Maces & Flails | 1 |  1.2
Polearms       | 1 |  1.2
Staves         | 1 |  1.2
Slings         | 1 |  1.2
Bows           | 1 |  1.2
Crossbows      | 1 |  1.2
Dodging        | 1 |  1.2
Stealth        | 1 |  1.2
Unarmed Combat | 1 |  1.2
Evocations     | 1 |  1.2
Conjurations   | 1 |  1.0
Hexes          | 1 |  1.0
Charms         | 1 |  1.0
Summonings     | 1 |  1.0
Necromancy     | 1 |  1.0
Translocations | 1 |  1.0
Fire Magic     | 1 |  1.0
Ice Magic      | 1 |  1.0
Air Magic      | 1 |  1.0
Earth Magic    | 1 |  1.0
Poison Magic   | 1 |  1.0
Fighting       | |  4.6
Throwing       | |  2.8
Armour         | |  2.8
Shields        | |  2.8
Spellcasting   | |  7.2
Transmutations | |  3.8

Action                   |  1- 3 |  4- 6 || total
-------------------------+-------+-------++-------
Melee: Spear             |    58 |    60 ||   118
       Bite              |     7 |     7 ||    14
Throw: Stone             |    29 |     3 ||    32
  Use: Potion            |     1 |       ||     1
 Stab: Sleeping          |       |     1 ||     1
Armor: Robe              |    13 |     2 ||    15
Dodge: Dodged            |    21 |    12 ||    33
Block: Shield            |     2 |    22 ||    24
